Map: LOTV Multitasking Trainer

Players

Nickos

  • Race: Terran Terran
  • League: Gold

VOD

Have the link to the VOD?

Description

Time

  • Played on: Sept. 3, 2016, 6:10 a.m.
  • Length: 8:50
Show
View Real Time Build Order
Export as new Build Order

Nickos Terran 

Build Orders:  

Get SALT Encoding   

  12  0:14  SCV  
  13  0:20  Supply Depot  
  13  0:31  SCV  
  14  0:48  SCV  
  15  0:55  Barracks  
  15  1:05  SCV  
  16  1:22  SCV  
  17  1:39  SCV  
  18  1:48  Command Center  
  18  2:03  Orbital Command  
  18  2:10  Marine  
  19  2:25  Supply Depot  
  19  2:34  Marine  
  20  2:42  SCV  
  21  2:54  Barracks  
  21  2:59  Marine, SCV  
  22  3:09  Barracks  
  23  3:12  Unknown  
  23  3:16  SCV  
  24  3:21  Supply Depot  
  24  3:24  Marine  
  24  3:28  Refinery  
  25  3:32  Refinery  
  26  3:45  Unknown  
  25  3:51  Orbital Command  
  25  3:53  SCV  
  25  3:55  Marine  
  27  4:06  Marine  
  28  4:10  SCV  
  29  4:27  Supply Depot, SCV  
  30  4:30  SCV  
  30  4:37  Barracks Tech Lab  
  31  4:44  SCV  
  31  4:46  Factory  
  31  4:47  SCV  
  33  4:54  Barracks Reactor  
  33  5:01  SCV  
  33  5:04  SCV  
  35  5:17  SCV  
  36  5:21  SCV, Stimpack  
  37  5:34  SCV  
  37  5:35  Barracks Reactor  
  37  5:38  SCV  
  39  5:41  Unknown  
  39  5:48  Barracks  
  39  5:49  Barracks  
  39  5:51  SCV  
  39  5:55  SCV  
  41  6:00  Marine  
  41  6:02  Factory Reactor  
  41  6:08  SCV  
  43  6:10  Unknown  
  43  6:12  SCV  
  43  6:14  Marauder, Marine  
  47  6:25  SCV  
  47  6:29  Engineering Bay, SCV  
  49  6:30  Marine  
  49  6:31  Marine x2  
  49  6:32  Engineering Bay  
  52  6:40  Supply Depot, Marine  
  52  6:42  SCV  
  52  6:44  Marine  
  52  6:46  SCV  
  56  6:51  Starport  
  56  6:55  Marine  
  56  6:57  Barracks Tech Lab  
  56  6:59  SCV  
  58  7:03  SCV  
  58  7:08  Barracks Tech Lab  
  59  7:15  Unknown  
  59  7:16  SCV  
  59  7:19  Terran Infantry Weapons Level 1  
  60  7:20  SCV  
  60  7:22  Terran Infantry Armor Level 1  
  61  7:33  SCV  
  61  7:37  SCV, Marine x4  
  61  7:38  Marine  
  68  7:48  Marauder  
  70  8:00  Refinery  
  70  8:18  Supply Depot  
  70  8:21  Supply Depot  
  70  8:48  Marine x2, Marauder x2, SCV x2  
  78  8:51  Medivac x2, Marauder, Marine x2  
  78  8:58  Barracks x2  
  86  9:01  Supply Depot  
  86  9:02  Barracks  
  86  9:03  Supply Depot  
  86  9:05  SCV x2  
  88  9:16  Marine  
  88  9:17  Armory  
  88  9:18  Unknown, Marauder x2  
  93  9:21  Marauder  
  93  9:22  SCV  
  93  9:24  SCV  
  93  9:25  Marine x3  
  93  9:29  Factory Tech Lab  
  100  9:35  Supply Depot  
  100  9:39  SCV  
  101  9:41  SCV  
  101  9:44  Medivac  
  101  9:46  Supply Depot  
  101  9:48  Marauder x2  
  101  9:49  Marine  
  109  9:50  Marine  
  109  9:51  Marauder  
  109  9:55  Marine x2  
  109  9:56  SCV  
  109  9:58  SCV  
  116  10:05  Supply Depot  
  116  10:10  Barracks Tech Lab  
  116  10:11  Barracks Tech Lab  
  116  10:14  Marine  
  116  10:18  Marauder x2  
  121  10:21  Marauder  
  121  10:25  Supply Depot  
  121  10:26  Supply Depot  
  121  10:27  SCV x2  
  125  10:48  SCV x2  
  127  10:50  Marauder x2  
  127  10:51  Marine, Marauder  
  127  10:52  Marine x3  
  127  10:56  Unknown  
  137  11:00  Supply Depot  
  68  11:19  Marine  
  106  11:20  Marine x3  
  106  11:21  Marauder x4  
  106  11:22  Marauder  
  102  11:31  SCV  
  102  11:32  SCV  
  104  11:48  SCV, Marine x3  
  104  11:49  Marine x2, SCV  
  111  11:51  Marine x2, Marauder  
  111  11:52  Supply Depot  
Tags
 
Add a new tag
Caveats
  • Supply blocks, unpowered buildings, or Contaminate may cause inaccurate times.
  • Supply counts are checked every 10 seconds.